Map: Thunderbird LE

Players

Mez

  • Race: Terran Terran
  • League: Master
  • Spawn Location: 11:00

Failure - Winner!

  • Race: Protoss Protoss
  • League: Master
  • Spawn Location: 5:00

VOD

Have the link to the VOD?

Description

Time

  • Played on: Aug. 15, 2019, 9:54 a.m.
  • Length: 12:55
Show
View Real Time Build Order
Export as new Build Order

Mez Terran 

Build Orders: Reaper Expand 

Get SALT Encoding   

  12  0:00  SCV  
  13  0:12  SCV  
  14  0:17  Supply Depot  
  14  0:25  SCV  
  15  0:38  SCV  
  15  0:40  Barracks  
  16  0:45  Refinery  
  16  0:50  SCV  
  17  1:03  SCV  
  18  1:15  SCV  
  19  1:28  Orbital Command  
  19  1:29  Reaper  
  20  1:40  Command Center  
  20  1:56  SCV  
  20  1:58  Bunker  
  20  1:59  Supply Depot  
  21  2:02  Barracks Reactor  
  21  2:08  SCV  
  22  2:20  SCV  
  23  2:30  Command Center  
  23  2:38  SCV  
  23  2:39  Marine x2  
  26  2:47  Factory  
  26  2:51  Refinery  
  26  2:52  SCV  
  29  3:00  Orbital Command  
  29  3:04  SCV, Marine  
  29  3:07  Marine  
  30  3:16  SCV  
  31  3:23  Marine  
  31  3:25  Marine  
  33  3:28  SCV  
  33  3:29  SCV  
  33  3:32  Widow Mine  
  33  3:33  Starport  
  37  3:40  SCV  
  37  3:41  SCV  
  39  3:50  Orbital Command  
  39  3:52  SCV, Marine x2  
  39  3:53  Widow Mine  
  44  3:58  Refinery  
  44  4:03  SCV  
  44  4:05  SCV  
  46  4:11  Starport Tech Lab  
  46  4:15  SCV, Factory Tech Lab  
  48  4:17  SCV  
  48  4:19  Supply Depot  
  48  4:20  SCV  
  48  4:23  Marine x2  
  51  4:28  SCV  
  52  4:33  Siege Tank  
  52  4:34  Raven  
  52  4:35  Orbital Command  
  52  4:38  SCV  
  59  4:39  Barracks  
  59  4:40  Barracks  
  59  4:44  Refinery  
  58  4:47  Bunker  
  58  4:48  Marine x2  
  58  4:50  SCV x2  
  62  4:57  Supply Depot  
  62  4:58  Supply Depot  
  62  5:02  SCV x3  
  65  5:10  Siege Tank  
  68  5:14  SCV  
  68  5:18  Marine x2  
  68  5:19  SCV x2  
  73  5:25  Supply Depot  
  73  5:26  SCV  
  73  5:27  Starport Reactor  
  73  5:28  Supply Depot  
  74  5:31  SCV  
  74  5:32  Engineering Bay x2  
  74  5:34  SCV  
  76  5:38  Stimpack, SCV, Barracks Tech Lab  
  76  5:40  Marine x2  
  76  5:42  Marauder  
  81  5:44  Siege Tank  
  81  5:46  SCV  
  81  5:47  SCV  
  86  5:50  SCV  
  86  5:52  Supply Depot  
  87  5:58  Bunker, SCV  
  87  5:59  SCV, Supply Depot  
  87  6:02  SCV  
  87  6:03  Terran Infantry Weapons Level 1  
  90  6:05  Terran Infantry Armor Level 1, Combat Shield  
  90  6:10  SCV  
  91  6:15  Medivac x2  
  91  6:17  Marauder x2  
  99  6:18  Marine  
  99  6:19  Marine  
  99  6:23  SCV x3  
  104  6:28  Supply Depot  
  104  6:29  Factory Reactor  
  104  6:32  Supply Depot  
  104  6:35  SCV x2  
  104  6:36  Barracks x2  
  104  6:37  SCV  
  107  6:44  Marine x2, Marauder x2  
  113  6:47  Medivac x2  
  113  6:49  SCV  
  118  6:54  SCV x2  
  118  6:55  Refinery  
  118  6:56  Refinery  
  120  7:02  Supply Depot  
  120  7:03  Supply Depot  
  120  7:04  Missile Turret  
  120  7:08  Missile Turret  
  120  7:10  Missile Turret  
  120  7:16  Widow Mine, Marine x2, Marauder x2  
  120  7:17  Medivac  
  120  7:19  SCV  
  120  7:20  Missile Turret  
  133  7:23  SCV  
  133  7:24  Barracks Reactor, Armory, Barracks Tech Lab  
  132  7:39  Marine, Marauder  
  132  7:40  Marauder  
  137  7:48  Viking x2, Marauder  
  143  7:55  Starport  
  143  7:58  Ghost Academy, Supply Depot  
  143  7:59  Supply Depot  
  143  8:01  Marine x2, Marauder x2, Supply Depot  
  149  8:07  Supply Depot  
  149  8:20  Marine x3, Marauder  
  149  8:22  Marauder  
  149  8:26  Marauder, Liberator  
  149  8:27  Viking x2  
  146  8:42  Marine x2, Marauder  
  146  8:43  Liberator  
  146  8:44  Marauder  
  146  8:47  Marauder  
  157  8:48  Command Center  
  157  8:49  Factory Reactor  
  152  8:56  Barracks  
  152  8:58  Barracks  
  152  9:00  Barracks  
  156  9:03  Marauder, Terran Infantry Weapons Level 2  
  156  9:05  Viking x2  
  156  9:08  Terran Infantry Armor Level 2  
  156  9:10  Terran Ship Weapons Level 1  
  156  9:12  Supply Depot  
  156  9:30  Marine x2  
  165  9:31  Ghost x2  
  165  9:32  Marine x3  
  165  9:40  Viking x2  
  165  9:41  Viking  
  171  9:48  Barracks Tech Lab  
  171  9:49  Barracks Tech Lab x2  
  140  10:15  Marine  
  140  10:16  Marauder  
  140  10:17  Viking x3  
  115  10:40  Marine, Marauder  
  92  11:12  Supply Depot  
  92  11:13  Supply Depot  
  89  11:31  Orbital Command  
  86  11:41  Supply Depot  
  86  11:45  Marine, Liberator  
  86  11:47  Marine  
  86  11:48  Liberator  
  86  12:02  Marine  
  86  12:03  Marine, Marauder x2  
  94  12:28  Supply Depot  
  94  12:29  Supply Depot  
  94  12:30  Supply Depot x3  
  94  12:32  Marine x2  
  94  12:33  Marauder  
Show
View Real Time Build Order
Export as new Build Order

Failure Protoss - Winner!

Build Orders: 1 Gate Expand, Double Forge, Zealot Archon 

Get SALT Encoding   

  12  0:02  Probe  
  13  0:14  Probe  
  13  0:17  Pylon  
  14  0:24  Probe  
  15  0:32  Probe  
  15  0:40  Probe, Gateway  
  16  0:46  Assimilator  
  17  0:52  Probe  
  18  1:04  Probe  
  19  1:24  Nexus  
  19  1:31  Cybernetics Core  
  20  1:32  Probe  
  20  1:37  Assimilator  
  20  1:42  Probe  
  21  1:47  Pylon  
  21  1:50  Probe  
  21  1:57  Stalker  
  21  1:59  Probe  
  22  2:08  Warp Gate  
  25  2:11  Probe  
  26  2:23  Probe  
  26  2:29  Pylon  
  26  2:32  Probe  
  26  2:33  Sentry  
  26  2:36  Probe  
  30  2:40  Probe  
  30  2:42  Pylon  
  31  2:48  Probe  
  31  2:49  Probe, Twilight Council  
  33  3:00  Probe  
  33  3:01  Probe  
  35  3:05  Shield Battery  
  35  3:12  Probe, Gateway  
  35  3:13  Gateway  
  35  3:14  Probe  
  37  3:20  Probe  
  37  3:27  Probe, Charge  
  39  3:30  Probe  
  40  3:39  Probe  
  41  3:42  Probe  
  42  3:51  Probe  
  42  3:55  Nexus  
  43  3:56  Probe, Pylon  
  43  3:58  Stalker  
  46  4:03  Probe  
  46  4:07  Forge  
  47  4:13  Forge  
  47  4:15  Probe  
  47  4:16  Probe  
  47  4:23  Robotics Facility, Probe  
  47  4:24  Probe  
  49  4:25  Protoss Ground Armor Level 1, Protoss Ground Weapons Level 1  
  49  4:27  Assimilator  
  49  4:28  Assimilator  
  49  4:30  Pylon  
  51  4:32  Probe  
  51  4:33  Probe  
  51  4:35  Stalker  
  55  4:47  Probe  
  55  4:48  Probe  
  57  4:59  Probe  
  58  5:00  Probe  
  59  5:07  Pylon  
  59  5:08  Gateway  
  59  5:09  Gateway  
  59  5:10  Probe  
  59  5:12  Probe  
  59  5:13  Gateway  
  61  5:14  Blink  
  61  5:15  Observer  
  61  5:19  Stalker  
  64  5:21  Zealot  
  64  5:24  Zealot  
  64  5:25  Probe x2  
  64  5:27  Probe  
  71  5:36  Observer  
  71  5:37  Probe  
  71  5:39  Probe  
  74  5:42  Zealot  
  74  5:43  Zealot  
  78  5:52  Robotics Bay  
  78  5:56  Gateway  
  78  5:57  Gateway  
  78  5:59  Probe  
  78  6:00  Probe x2  
  78  6:02  Assimilator  
  81  6:06  Assimilator  
  81  6:08  Gateway  
  81  6:09  Pylon  
  81  6:10  Gateway  
  81  6:11  Protoss Ground Weapons Level 2  
  81  6:12  Probe x2  
  81  6:15  Protoss Ground Armor Level 2  
  81  6:17  Probe  
  81  6:18  Observer  
  83  6:24  Probe x2  
  86  6:30  Probe  
  86  6:31  Gateway  
  86  6:33  Gateway  
  86  6:36  Probe  
  86  6:39  Colossus  
  88  6:43  Probe  
  89  6:49  Templar Archives, Probe x2  
  97  6:55  Extended Thermal Lance  
  97  6:56  Zealot  
  97  6:57  Zealot  
  97  7:01  Pylon  
  101  7:02  Pylon  
  101  7:04  Pylon  
  101  7:06  Pylon  
  101  7:13  Pylon  
  101  7:19  Probe x2  
  103  7:24  Nexus  
  103  7:26  Pylon  
  103  7:30  High Templar x2  
  103  7:32  Zealot x4  
  103  7:33  Colossus  
  103  7:35  Archon  
  121  7:37  High Templar  
  121  7:38  High Templar, Zealot x2  
  121  7:40  Probe  
  121  7:41  Probe x2  
  131  7:47  Zealot x2, Archon  
  135  7:53  Probe  
  135  7:54  Zealot x3  
  135  7:55  Zealot  
  144  7:58  Pylon  
  144  8:00  High Templar x2, Pylon  
  144  8:04  Archon  
  148  8:15  Probe  
  148  8:18  High Templar x2, Zealot x2, Assimilator  
  148  8:19  Zealot x3  
  163  8:22  Archon, Assimilator  
  163  8:26  Pylon, Warp Prism  
  147  8:41  Protoss Ground Weapons Level 3  
  147  8:43  Zealot x2  
  147  8:44  Zealot x6  
  147  8:45  Zealot  
  147  8:46  Probe x2  
  163  8:55  Probe x2  
  165  8:58  Probe  
  165  9:00  Probe  
  167  9:03  Protoss Ground Armor Level 3  
  167  9:07  Stalker x3, Probe  
  174  9:20  Colossus  
  180  9:29  High Templar x2, Zealot x2  
  188  9:36  Pylon  
  188  9:38  Pylon  
  188  9:40  Pylon  
  188  9:42  Pylon  
  188  9:43  Archon  
  188  9:54  Probe x4  
  190  10:10  Stalker x4  
  190  10:11  Stalker, Zealot x4  
  190  10:12  Zealot x2  
  170  10:54  Pylon  
  170  10:55  Pylon  
  168  10:57  Pylon  
  168  10:59  Pylon  
  168  11:00  Assimilator  
  168  11:13  Probe  
  170  11:19  Zealot  
  170  11:20  Zealot x6  
  170  11:21  Zealot x2  
  185  11:33  Nexus  
  185  11:35  Pylon  
  185  11:36  Pylon  
  185  11:38  Pylon  
  177  11:42  Pylon  
  177  11:45  Pylon  
  173  11:47  Pylon  
  173  11:49  Pylon  
  173  11:51  Pylon  
  173  11:53  Probe  
  174  11:54  Probe  
  173  12:05  Probe  
  169  12:12  Zealot x4  
  169  12:13  Zealot x3  
  189  12:21  Probe x2  
  191  12:35  Pylon  
  191  12:36  Pylon  
  191  12:37  High Templar x2  
  191  12:38  High Templar x2, Pylon  
  191  12:40  Photon Cannon  
  191  12:41  Archon  
  191  12:42  Archon, Shield Battery  
  191  12:43  Photon Cannon  
Tags
 
Add a new tag
Caveats
  • Supply blocks, unpowered buildings, or Contaminate may cause inaccurate times.
  • Supply counts are checked every 10 seconds.